AoeStats
← Blaxpandarudaxie

Fortress

508237914Analyzed
4v4 RM · 11d ago on Sep 21, 2026· 55m 10s· 8 players
Game mode
Random Map
Map size
Huge
Population
200
Speed
Normal
Resources
Standard
Victory
Conquest
Starting age
Dark Age
Ending age
Imperial Age
RankedLock teamsTeams togetherTeam positionsShared explorationLock speedFull tech treeHidden civsTurbo modeCheats
Victory
Defeat
🇹🇼 Japanese · Taiwan
1136
+15
🇪🇸 Turks · Spain
1111
+16
🇯🇵 Goths · Japan
1070
+17
🇪🇸 Slavs · Spain
1047
+18
🇳🇱 Spanish · Netherlands
1118
-17
🇦🇷 Poles · Argentina
1109
-17
🇨🇱 Lithuanians · Chile
1086
-16
🇬🇧 Celts · United Kingdom
1085
-16
Coalpool6926
8:05 Feudal Age
12:18 Castle Age
11:24 Double-Bit Axe
11:26 Horse Collar
12:54 Loom
18:07 Wheelbarrow
17:23 Town Watch
17:54 Bow Saw
18:21 Scale Mail Armor
21:49 Chain Mail Armor
21:56 Heavy Plow
24:45 Forging
27:37 Imperial Age
26:13 Iron Casting
26:25 Masonry
25:57 Treadmill Crane
26:41 Fortified Wall
30:07 Conscription
31:25 Plate Mail Armor
32:13 Caravan
35:46 Coinage
37:08 Blast Furnace
36:32 Elite Woad Raider
38:10 Hoardings
38:03 Murder Holes
38:30 Ballistics
39:05 Banking
41:34 Siege Engineers
mangolocoaoe2
7:22 Feudal Age
11:41 Castle Age
11:45 Wheelbarrow
12:01 Double-Bit Axe
13:14 Bow Saw
12:51 Horse Collar
15:11 Light Cavalry
19:16 Bloodlines
19:06 Husbandry
19:17 Husbandry
20:24 Wheelbarrow
19:36 Loom
22:17 Heavy Plow
24:24 Scale Barding Armor
25:03 Forging
27:52 Imperial Age
25:48 Forging
27:26 Iron Casting
27:54 Cavalier
29:40 Conscription
30:04 Chain Barding Armor
33:24 Paladin
35:35 Plate Barding Armor
37:16 Fletching
38:09 Bodkin Arrow
38:52 Ballistics
39:36 Chemistry
38:27 Crossbowman
39:39 Bracer
39:54 Thumb Ring
42:12 Heavy Cavalry Archer
44:18 Winged Hussar
Blaxpandarudaxie
9:29 Feudal Age
10:08 Double-Bit Axe
10:15 Gold Mining
10:08 Horse Collar
15:50 Castle Age
13:36 Loom
16:00 Scale Barding Armor
16:06 Forging
16:44 Bloodlines
16:42 Husbandry
20:10 Wheelbarrow
30:10 Chain Barding Armor
29:44 Fletching
39:37 Imperial Age
37:23 Hand Cart
37:35 Scale Mail Armor
38:11 Iron Casting
41:13 Cavalier
43:39 Plate Barding Armor
44:05 Blast Furnace
43:01 Bodkin Arrow
45:25 Conscription
49:10 Conscription
51:05 Bracer
EPITADELI
4:55 Loom
7:13 Feudal Age
11:16 Castle Age
9:07 Horse Collar
9:36 Double-Bit Axe
12:24 Bloodlines
15:02 Heavy Plow
16:23 Bloodlines
16:59 Bow Saw
20:38 Wheelbarrow
22:48 Szlachta Privileges
23:39 Hand Cart
24:15 Fortified Wall
28:28 Imperial Age
30:26 Chemistry
32:22 Scale Barding Armor
32:34 Light Cavalry
34:19 Winged Hussar
KJI
6:18 Feudal Age
6:56 Horse Collar
7:02 Double-Bit Axe
10:49 Loom
13:25 Castle Age
14:31 Bow Saw
15:20 Heavy Plow
15:45 Gold Mining
17:13 Scale Mail Armor
18:49 Wheelbarrow
19:58 Chain Mail Armor
22:51 Forging
25:38 Hand Cart
30:42 Imperial Age
29:33 Iron Casting
29:57 Anarchy
31:00 Fletching
30:51 Pikeman
31:57 Conscription
32:42 Halberdier
34:28 Blast Furnace
33:16 Man-at-Arms
33:30 Elite Huskarl
34:04 Long Swordsman
34:57 Two-Handed Swordsman
35:30 Champion
37:33 Two-Man Saw
37:15 Crop Rotation
37:29 Stone Mining
49:05 Bodkin Arrow
54:47 Perfusion
55:19 Squires
只會5TC
8:02 Feudal Age
12:22 Castle Age
10:15 Double-Bit Axe
10:29 Horse Collar
11:24 Gold Mining
13:14 Bow Saw
13:43 Gold Shaft Mining
14:38 Gold Shaft Mining
14:55 Gold Shaft Mining
17:31 Loom
18:01 Stone Mining
18:21 Yasama
20:56 Imperial Age
18:42 Guard Tower
18:39 Crossbowman
19:22 Fletching
19:58 Ballistics
19:35 Murder Holes
19:51 Pikeman
20:48 Forging
20:56 Forging
20:47 Scale Mail Armor
21:22 Scale Mail Armor
23:08 Wheelbarrow
24:52 Two-Man Saw
29:09 Bodkin Arrow
30:41 Siege Engineers
33:33 Squires
34:04 Kataparuto
35:23 Keep
34:33 Arrowslits
35:44 Conscription
38:06 Hand Cart
45:54 Treadmill Crane
46:06 Town Watch
46:20 Halberdier
48:03 Elite Skirmisher
49:42 Bracer
49:42 Padded Archer Armor
52:18 Chemistry
51:35 Leather Archer Armor
Cloud
2:20 Loom
7:51 Feudal Age
8:30 Double-Bit Axe
8:28 Horse Collar
13:35 Castle Age
13:04 Wheelbarrow
17:53 Bow Saw
18:00 Heavy Plow
19:14 Gold Mining
23:50 Imperial Age
22:30 Bloodlines
22:22 Husbandry
23:45 Gold Shaft Mining
24:09 Hand Cart
24:22 Detinets
24:40 Scale Barding Armor
24:46 Forging
25:31 Conscription
27:15 Chain Barding Armor
27:31 Iron Casting
26:57 Scale Mail Armor
26:27 Capped Ram
28:33 Plate Barding Armor
27:28 Man-at-Arms
28:09 Squires
27:49 Siege Ram
30:13 Pikeman
31:21 Chain Mail Armor
32:07 Blast Furnace
32:16 Blast Furnace
31:55 Halberdier
34:13 Plate Mail Armor
37:58 Druzhina
37:53 Long Swordsman
43:46 Two-Handed Swordsman
44:50 Champion
51:21 Light Cavalry
52:05 Hussar
jaimelugu8
8:50 Feudal Age
13:22 Castle Age
11:38 Stone Mining
12:45 Loom
13:42 Fletching
28:34 Imperial Age
37:36 Double-Bit Axe
39:04 Town Watch
46:05 Heavy Scorpion
49:31 Gold Mining
Connection lost

Rejoining the realm…

Still unreachable

The connection could not be restored.

Session expired

The server has moved on; the page needs a fresh start.